 Dungeon Crawl Stone Soup version 0.16-a0-715-g16937c4 (webtiles) character file.

693 Ratboiler the Sneak (level 7, -9/37 HPs)
             Began as a Vine Stalker Assassin on Sept 21, 2014.
             Was a Follower of Ru.
             Mangled by an orc warrior
             ... wielding a +0 morningstar
              (18 damage)
             ... on Level 6 of the Dungeon.
             The game lasted 00:17:09 (5292 turns).

Ratboiler the Sneak (Vine Stalker Assassin)         Turns: 5292, Time: 00:17:09

HP  -9/37        AC 11     Str 13      XL: 7   Next: 64%
MP   0/9         EV  5     Int 11      God: Ru [*.....]
Gold 263         SH  0     Dex 18      Spells:  0 memorised,  6 levels left

rFire  . . .     SeeInvis .     a - +2 dagger
rCold  . . .     Clarity  .     q - +0 chain mail
rNeg   . . .     rCorr    .     (no shield)
rPois  .         rRot     +     (no helmet)
rElec  .         Spirit   +     d - +0 cloak
SustAb .         Warding  .     p - +0 pair of gloves
rMut   .         Stasis   .     (no boots)
Gourm  .                        (no amulet)
MR     .....                    (no ring)
                                (no ring)

@: not resistant to hostile enchantments, extremely unstealthy
A: fangs 2, regeneration 2, magic shield, antimagic bite, no device heal 3, rot
immunity, hated by all
a: Renounce Religion


You were on level 6 of the Dungeon.
You worshipped Ru.
Ru was aware of your devotion.
You were not hungry.

You visited 2 branches of the dungeon, and saw 7 of its levels.

You collected 263 gold pieces.

Inventory:

Hand weapons
 a - a +2 dagger (weapon)
 b - a +0 blowgun
 s - a +0 vampiric dagger
 A - a -3 dagger
Missiles
 e - 8 poisoned needles
 f - 2 curare-tipped needles
Armour
 d - a +0 cloak (worn)
 p - a +0 pair of gloves (worn)
 q - a +0 chain mail (worn)
Magical devices
 c - a wand of draining (4)
 w - a wand of draining (8)
Comestibles
 g - 8 bread rations
 l - a chunk of iguana flesh
 v - 2 fruits
 x - a meat ration
 E - 3 royal jellies
 G - 4 chunks of gnoll flesh
Scrolls
 i - 2 scrolls of blinking
 k - a scroll of remove curse
 m - a scroll of amnesia {unknown}
 o - 2 scrolls of teleportation {unknown}
 r - a scroll of magic mapping {unknown}
 u - a scroll of enchant armour {unknown}
 z - a scroll of enchant weapon {unknown}
 B - a scroll of immolation {unknown}
 C - 2 scrolls of fog {unknown}
Jewellery
 y - an uncursed ring of teleportation
Potions
 h - a potion of might
 j - 4 potions of curing
 n - 3 potions of restore abilities
 t - 2 potions of cancellation
 D - 2 potions of heal wounds
 F - a potion of brilliance {unknown}


   Skills:
 + Level 4.1 Fighting
 - Level 3.0 Short Blades
 - Level 1.7 Throwing
 + Level 3.6 Armour
 + Level 3.5 Dodging
 - Level 4.8 Stealth


You had 6 spell levels left.
You didn't know any spells.

Dungeon Overview and Level Annotations

Branches:
Dungeon (6/15)             Temple (1/1) D:4

Altars:
Ashenzari
Cheibriados
Dithmenos
Elyvilon
Fedhas
Kikubaaqudgha
Nemelex Xobeh
Okawaru
Qazlal
Ru
Sif Muna
Vehumet
Xom
Yredelemnul
Zin

Annotations:
D:6 bronies4ever's ghost, experienced TrFi


Innate Abilities, Weirdness & Mutations

You have extremely sharp teeth.
You heal very quickly.
When hurt, damage is shared between your health and your magic reserves.
Your bite disrupts and absorbs the magic of your enemies.
Potions and wands cannot restore your health.
You are immune to rotting.
You are hated by all.


Message History

Unknown command.
Drink which item? (? for menu, Esc to quit)
You feel better.
It was a potion of curing.
The orc wizard casts a spell.
The orc wizard seems to speed up.
Drink which item? (? for menu, Esc to quit)
Okay, then.
Drink which item? (? for menu, Esc to quit)
Okay, then.
The orc wizard points at you and mumbles some strange words.
The magic dart hits you!
* * * LOW HITPOINT WARNING * * *
Drink which item? (? for menu, Esc to quit)
Okay, then.
The orc wizard casts a spell.
The orc wizard blinks!
The orc wizard casts a spell.
The orc wizard blinks!
The orc warrior hits you with a morningstar!!
You die...

##....#...........
#..##.....#....... #..
#..######.### #..
##.######..#
##.)###.......... ###
##..#....########.
....#....)#### ####.
..........######..>....
........@##..o.%..#
.........o..###.###
.........### ..#
.........# ....
########.. ....# ####
..### ###


You could see an orc warrior.

Vanquished Creatures
  A phantom (D:5)
  An ogre (D:5)
  A centaur (D:6)
  A scorpion (D:4)
  An orc priest (D:4)
  A centaur skeleton (D:4)
  An iguana (D:6)
  Ijyb (D:2)
  A hound skeleton (D:6)
  11 adders
  3 gnolls (D:6)
  A giant mite (D:5)
  An inept feature mimic (D:3)
  3 worms
  An ooze (D:1)
  15 orcs
  A ball python (D:2)
  9 bats
  A bat zombie (D:5)
  3 giant cockroaches
  2 gnoll zombies (D:3)
  12 hobgoblins
  10 jackals
  5 quokkas
  5 giant geckos
  4 giant newts
  12 goblins
  18 kobolds
  A kobold skeleton (D:6)
  14 rats
  A ballistomycete (D:3)
142 creatures vanquished.

Vanquished Creatures (others)
  A giant spore (D:3)
1 creature vanquished.

Grand Total: 143 creatures vanquished

Notes
Turn   | Place    | Note
--------------------------------------------------------------
     0 | D:1      | Ratboiler, the Vine Stalker Assassin, began the quest for the Orb.
     0 | D:1      | Reached XP level 1. HP: 11/11 MP: 1/1
   115 | D:1      | Reached XP level 2. HP: 5/15 MP: 3/3
  1093 | D:1      | Reached XP level 3. HP: 18/18 MP: 4/4
  1189 | D:2      | Reached skill level 1 in Dodging
  1547 | D:2      | Reached skill level 1 in Armour
  1547 | D:2      | Reached XP level 4. HP: 15/23 MP: 3/5
  1803 | D:2      | Noticed Ijyb
  1855 | D:2      | Killed Ijyb
  2135 | D:3      | Reached XP level 5. HP: 27/27 MP: 7/7
  2829 | D:3      | Found a basalt altar of Yredelemnul.
  2973 | D:4      | Found a shadowy altar of Dithmenos.
  2974 | D:4      | Found a snail-covered altar of Cheibriados.
  3011 | D:4      | Gained mutation: You heal very quickly. [vine stalker growth]
  3011 | D:4      | Reached XP level 6. HP: 28/32 MP: 8/8
  3193 | D:4      | Found a stormy altar of Qazlal.
  3197 | D:4      | Found a sparkling altar of Nemelex Xobeh.
  3197 | D:4      | Found an iron altar of Okawaru.
  3544 | D:4      | Found a staircase to the Ecumenical Temple.
  3549 | Temple   | Entered the Ecumenical Temple
  3573 | Temple   | Became a worshipper of Ru the Awakened
  3815 | D:5      | Entered Level 5 of the Dungeon
  4069 | D:5      | Reached XP level 7. HP: 23/36 MP: 9/9
  4183 | D:5      | Found a shattered altar of Ashenzari.
  4800 | D:5      | Gained mutation: You are hated by all. [Ru sacrifice]
  4800 | D:5      | Acquired Ru's first power
  4861 | D:5      | Saw a vision of the Swamp and the Spider Nest.
  4861 | D:5      | Noticed an alligator
  4861 | D:5      | Noticed a water moccasin
  4861 | D:5      | Noticed a redback
  4864 | D:5      | Noticed an alligator
  5020 | D:6      | Noticed bronies4ever's ghost (experienced TrFi)
  5061 | D:6      | Found a blossoming altar of Fedhas.
  5292 | D:6      | Mangled by an orc warrior

Action                   |  1- 3 |  4- 6 |  7- 9 || total
-------------------------+-------+-------+-------++-------
Melee: Dagger            |   117 |   333 |   104 ||   554
Invok: Sacrifice Love    |       |       |     1 ||     1
Evoke: Wand              |       |     1 |       ||     1
  Use: Scroll            |       |       |     8 ||     8
       Potion            |       |       |     2 ||     2
 Stab: Sleeping          |     4 |     4 |       ||     8
       Distracted        |       |     1 |       ||     1
  Eat: Chunk             |     2 |     4 |     3 ||     9
       Meat ration       |       |     1 |       ||     1
       Fruit             |       |       |     1 ||     1
